 Dungeon Crawl Stone Soup version 0.20.1-1-g8b1a95d (console) character file.

1593 hilaritas the Gouger (level 8, -7/58 HPs)
             Began as a Felid Berserker on Jan 20, 2018.
             Was an Elder of Trog.
             Mangled by hilaritas's ghost (11 damage)
             ... on level 8 of the Dungeon.
             The game lasted 00:17:13 (7746 turns).

hilaritas the Gouger (Felid Berserker)              Turns: 7746, Time: 00:17:13

Health: -7/58      AC:  2    Str: 24    XL:     8   Next: 62%
Magic:  9/9        EV: 20    Int:  9    God:    Trog [****..]
Gold:   396        SH:  0    Dex: 15    Spells: 7/7 levels left
                                        Lives:  0   Deaths: 2

rFire    . . .     SeeInvis +     - Unarmed
rCold    . . .     Gourm    .   (shield unavailable)
rNeg     . . .     Faith    .   (armour unavailable)
rPois    .         Spirit   .   (helmet unavailable)
rElec    .         Reflect  .   (cloak unavailable)
rCorr    .         Harm     .   (gloves unavailable)
MR       +++..                  (boots unavailable)
Stlth    ..........             (no amulet)
Regen    1.2/turn               d - +3 ring of strength
MPRegen  0.2/turn               (no ring)

@: berserking (expiring), regenerating, very quick
A: no armour, no weapons or thrown items, stealth, claws 1, fangs 3, see
invisible, carnivore 3, speed 1, shaggy fur 2, slow metabolism 1, sharp paws
a: Berserk, Trog's Hand, Brothers in Arms, Burn Spellbooks, Renounce Religion


You were on level 8 of the Dungeon.
You worshipped Trog.
Trog was greatly pleased with you.
You were full.

You visited 1 branch of the dungeon, and saw 8 of its levels.

You collected 396 gold pieces.

Inventory:

Jewellery
 d - a +3 ring of strength (left paw)
 n - an uncursed ring of fire
Wands
 r - a wand of iceblast (8/15)
 v - a wand of random effects (15/48)
 w - a wand of flame (18/48)
Scrolls
 b - 2 scrolls of recharging
 g - 2 scrolls of magic mapping
 h - 5 scrolls of remove curse
 l - a scroll of fear
Potions
 c - 7 potions of curing
 e - a potion of resistance
 f - 2 potions of invisibility
 i - a potion of brilliance
 m - a potion of haste
 t - a potion of agility
 u - a potion of might
Books
 j - a book of Misfortune

   Spells                             Type                      Level
   a - Confusing Touch                Hexes                        1
   b - Confuse                        Hexes                        3
   c - Gell's Gravitas                Translocation                3
   d - Petrify                        Transmutation/Earth          4
   e - Metabolic Englaciation         Hexes/Ice                    5
   f - Yara's Violent Unravelling     Hexes/Transmutation          5
   Trog disapproves of the use of such an item.
 k - a book of Maledictions

   Spells                             Type                      Level
   a - Corona                         Hexes                        1
   b - Ensorcelled Hibernation        Hexes/Ice                    2
   c - Confuse                        Hexes                        3
   d - Tukima's Dance                 Hexes                        3
   e - Dazzling Spray                 Conjuration/Hexes            3
   Trog disapproves of the use of such an item.
 q - a book of Cantrips

   Spells                             Type                      Level
   a - Confusing Touch                Hexes                        1
   b - Animate Skeleton               Necromancy                   1
   c - Summon Small Mammal            Summoning                    1
   d - Apportation                    Translocation                1
   Trog disapproves of the use of such an item.
Comestibles
 a - 6 meat rations
 p - a royal jelly


   Skills:
 * Level 6.4 Fighting
 + Level 5.3 Dodging
 - Level 10.0 Stealth
 - Level 10.4 Unarmed Combat


You had 7 spell levels left.
You didn't know any spells.

Dungeon Overview and Level Annotations

Branches:
Dungeon (8/15)             Temple (0/1) D:7
   Lair: D:8-11

Altars:
Cheibriados
Elyvilon
Fedhas
Kikubaaqudgha
Makhleb
Qazlal
Trog
Xom
Yredelemnul
The Shining One

Shops:
D:8 %

Annotations:
D:8 hilaritas's ghost, novice CeHu


Innate Abilities, Weirdness & Mutations

You cannot wear armour.
You are incapable of wielding weapons or throwing items.
Your paws allow you to move quietly. (Stealth)
You have sharp claws.
You have razor-sharp teeth.
You have supernaturally acute eyesight. (SInv)
You are carnivorous and can eat meat at any time.
You cover ground quickly.
You are covered in thick fur. (AC +2)
You have a slow metabolism.
Your sharp claws are effective at attacking unaware monsters.


Message History

You feel yourself moving faster!
You feel mighty!
You feel a strong urge to attack something.
The orc shouts!
The ogre misses you.
You claw the ogre! Your bite misses the ogre.
The ogre is heavily wounded.
You claw the ogre!
The ogre is almost dead.
The ogre hits you with a giant club!
* * * LOW HITPOINT WARNING * * *
You claw the ogre!
You kill the ogre!
Trog accepts your kill.
You claw the orc!
You kill the orc!
Trog accepts your kill.
You claw hilaritas's ghost!
Hilaritas's ghost is heavily damaged.
Hilaritas's ghost hits you!
You die...

#.# #.# #. #.#
#.# #. #.# #.#
... #.#
#.#+###... #.#
#......... #.#
#......... #.#
#..o.##... #.#
#..?...... # #
#)###....##...
..
#.#@#...........
>.
#...Wo..........
..
###.#s...####...
. #.#....# ..
#.#....# .
#.###.... .# #.#
#..... .. #.#
#...... .. #.#
......


You could see a scorpion, hilaritas's ghost and an orc.

Vanquished Creatures
  Joseph (D:8)
  The ghost of hilaritas the Ruffian, a novice DrTm (D:4)
  2 black bears
  An orc warrior (D:7)
  6 ogres
  3 phantoms
  2 necrophages
  A centaur (D:8)
  Blork the orc (D:5)
  3 bullfrogs
  5 wights
  A bullfrog zombie (D:8)
  A crimson imp (D:6)
  A quasit (D:7)
  A bullfrog skeleton (D:5)
  4 hounds
  A centaur zombie (D:6)
  A jelly (D:6)
  3 orc wizards
  Jessica (D:2)
  4 iguanas
  A worker ant (D:6)
  A hound zombie (D:6)
  A hound skeleton (D:4)
  Robin (D:2)
  A worker ant zombie (D:6)
  12 adders
  A shadow imp (D:8)
  2 oozes
  An adder skeleton (D:8)
  An adder zombie (D:7)
  2 worms
  2 dart slugs
  4 leopard geckos
  19 orcs
  10 bats
  2 giant cockroaches (D:2)
  15 goblins
  12 hobgoblins
  10 jackals
  6 quokkas
  5 ball pythons
  5 frilled lizards
  A jackal skeleton (D:5)
  6 kobolds
  A leopard gecko skeleton (D:5)
  A leopard gecko zombie (D:7)
  6 rats
173 creatures vanquished.

Vanquished Creatures (collateral kills)
  An orc warrior (D:8)
  A hound (D:8)
2 creatures vanquished.

Grand Total: 175 creatures vanquished

Notes
Turn   | Place    | Note
-------+----------+-------------------------------------------
     0 | D:1      | hilaritas the Felid Berserker began the quest for the Orb.
     0 | D:1      | Reached XP level 1. HP: 10/10 MP: 2/2
   150 | D:1      | Reached skill level 1 in Stealth
   150 | D:1      | Reached XP level 2. HP: 13/14 MP: 3/3
   842 | D:2      | Noticed Robin
   918 | D:2      | Reached ** piety under Trog
   943 | D:2      | Reached XP level 3. HP: 6/17 MP: 4/4
  1181 | D:2      | Noticed Jessica
  1204 | D:2      | Killed Jessica
  1204 | D:2      | Reached XP level 4. HP: 18/21 MP: 5/5
  1751 | D:2      | Killed Robin
  2013 | D:2      | HP: 1/21 [adder (4)]
  2388 | D:3      | Found a white marble altar of Elyvilon.
  2487 | D:3      | Reached XP level 5. HP: 24/24 MP: 6/6
  2695 | D:3      | Reached skill level 5 in Unarmed Combat
  2779 | D:3      | Reached *** piety under Trog
  2811 | D:3      | Found a stormy altar of Qazlal.
  2938 | D:3      | Found a shimmering altar of Xom.
  3130 | D:3      | Gained mutation: You are covered in thick fur. (AC +2) [Felid growth]
  3130 | D:3      | Reached XP level 6. HP: 11/28 MP: 7/7
  3467 | D:3      | Reached skill level 5 in Stealth
  3675 | D:4      | Noticed hilaritas's ghost (novice DrTm)
  3682 | D:4      | Killed hilaritas's ghost
  3682 | D:4      | Reached XP level 7. HP: 26/31 MP: 8/8
  3961 | D:4      | HP: 3/31 [ogre/giant club (28)]
  3965 | D:4      | Slain by an ogre
  3966 | D:4      | Reached XP level 6. HP: -3/28 MP: 7/7
  4004 | D:4      | Reached **** piety under Trog
  4025 | D:4      | Found a glowing golden altar of the Shining One.
  4280 | D:4      | Found a burning altar of Makhleb.
  4280 | D:4      | Noticed an Executioner
  4283 | D:4      | Noticed a smoke demon
  4283 | D:4      | Noticed an orange demon
  4303 | D:5      | Entered Level 5 of the Dungeon
  4306 | D:5      | Reached XP level 7. HP: 32/32 MP: 8/8
  4655 | D:5      | Noticed Blork the orc
  4668 | D:5      | Killed Blork the orc
  5071 | D:5      | Noticed a hungry ghost
  5574 | D:6      | Reached XP level 8. HP: 36/36 MP: 9/9
  5982 | D:6      | Found a basalt altar of Yredelemnul.
  6378 | D:6      | Found a snail-covered altar of Cheibriados.
  6446 | D:7      | Found a blossoming altar of Fedhas.
  6620 | D:7      | Reached skill level 10 in Stealth
  6707 | D:7      | Found a staircase to the Ecumenical Temple.
  6721 | D:7      | Reached ***** piety under Trog
  6882 | D:7      | Reached XP level 9. HP: 40/40 MP: 10/10
  6927 | D:7      | Found an ancient bone altar of Kikubaaqudgha.
  7192 | D:8      | Noticed Joseph
  7199 | D:8      | Killed Joseph
  7199 | D:8      | Reached skill level 5 in Fighting
  7199 | D:8      | Reached skill level 10 in Unarmed Combat
  7426 | D:8      | Found Suiheos's Food Shop.
  7634 | D:8      | Found a basalt altar of Yredelemnul.
  7637 | D:8      | Found a bloodstained altar of Trog.
  7684 | D:8      | Noticed hilaritas's ghost (novice CeHu)
  7711 | D:8      | Slain by hilaritas's ghost
  7712 | D:8      | Reached XP level 8. HP: -4/38 MP: 9/9
  7733 | D:8      | Reached skill level 5 in Dodging
  7743 | D:8      | HP: 2/57 [ogre/giant club (16)]
  7746 | D:8      | Mangled by hilaritas's ghost

Skill      XL: |  1  2  3  4  5  6  7  8  9 |
---------------+----------------------------+-----
Stealth        | 1 2 3 4 7 8 10 | 10.0
Unarmed Combat | 4 5 7 8 9 10 | 10.4
Fighting       | 4 6 |  6.4
Dodging        | 5 |  5.3

Action                   |  1- 3 |  4- 6 |  7- 9 || total
-------------------------+-------+-------+-------++-------
Melee: Unarmed           |    75 |   182 |   216 ||   473
       Punch             |     2 |     2 |    11 ||    15
       Bite              |     3 |    20 |    19 ||    42
Invok: Berserk           |     1 |     3 |     2 ||     6
       Trog's Hand       |       |     1 |     2 ||     3
       Brothers in Arms  |       |       |     1 ||     1
  Use: Scroll            |     7 |     5 |     8 ||    20
       Potion            |       |     1 |     3 ||     4
 Stab: Sleeping          |     4 |    12 |    21 ||    37
       Distracted        |       |     4 |     2 ||     6
  Eat: Chunk             |     8 |    11 |    16 ||    35
Armor: Skin              |     4 |     5 |     7 ||    16
Dodge: Dodged            |    69 |   116 |   151 ||   336
